Cogmind - Beta 13 @@@ ROGUE MODE // 2024.04.06 @ 15:59:42 Player: SpaceWalrus Result: Destroyed by DX-UVQ(R) with Subdweller Laser Performance ------------- Evolutions (0) 0 Regions Visited (2) 400 Robots Destroyed (29) 145 Value Destroyed (625) 625 Prototype IDs (0) 0 Alien Tech Used (0) 0 Bonus (14) 14 TOTAL SCORE: 1184 Bonus ------- High Alert Combat Kills 14 Cogmind --------- Core Integrity 0/250 Matter 45/300 Energy 263/265 System Corruption 2% Temperature Cool (6) Movement Core (300) Ox5 Location -10/Subcaves Parts ------- > --- POWER (1) -------- Reinforced Ion Engine > --- PROPULSION (2) --- (None) > --- UTILITY (2) ------ Small Storage Unit > --- WEAPON (2) ------- Mini Grenade Launcher > --- INVENTORY (8) ---- Light Ion Engine Reinforced Ion Engine VTOL Module High-capacity Storage Unit Improved Terrain Scanner Targeting Computer Beam Rifle Mini Grenade Launcher Peak State ------------ > --- POWER ------------ Reinforced Ion Engine > --- PROPULSION ------- Carbon-fiber Leg Carbon-fiber Leg > --- UTILITY ---------- Small Storage Unit ECM Suite > --- WEAPON ----------- Beam Rifle Beam Rifle > --- INVENTORY -------- Light Ion Engine Reinforced Ion Engine VTOL Module High-capacity Storage Unit Improved Terrain Scanner Targeting Computer Mini Grenade Launcher Mini Grenade Launcher [Rating: 15] Favorites ----------- Power Reinforced Ion Engine Engine Reinforced Ion Engine Propulsion Aluminum Leg Leg Aluminum Leg Wheel Compact Wheel Flight Unit VTOL Module Utility Small Storage Unit Device Sensor Array Storage Small Storage Unit Processor Signal Interpreter Weapon Beam Rifle Energy Gun Beam Rifle Energy Cannon Beam Cannon Ballistic Gun Assault Rifle Launcher Grenade Launcher Build | -11 -10 -10 ------- Run | Yrd Mat Sub Slots Evolved . | . . . Power . | . . . Propulsion . | . . . Utility . | . . . Weapon . | . . . Parts Attached 42 | 7 29 6 Power 4 | 1 2 1 Engine 4 | 1 2 1 Core . | . . . Reactor . | . . . Propulsion 10 | 2 6 2 Treads . | . . . Leg 6 | 2 2 2 Wheel 1 | . 1 . Hover . | . . . Flight 3 | . 3 . Utility 12 | 2 10 . Device 3 | 1 2 . Storage 8 | 1 7 . Processor 1 | . 1 . Hackware . | . . . Protection . | . . . Artifact . | . . . Weapon 16 | 2 11 3 Energy Gun 7 | . 5 2 Energy Cannon 1 | . 1 . Ballistic Gun 2 | 2 . . Ballistic Cannon . | . . . Launcher 6 | . 5 1 Special Weapon . | . . . Impact Weapon . | . . . Slashing Weapon . | . . . Piercing Weapon . | . . . Special Melee Weapon . | . . . Unidentified Prototypes . | . . . Parts Lost 5 | . 1 4 Power . | . . . Propulsion 3 | . 1 2 Utility 1 | . . 1 Weapon 1 | . . 1 Highest Loss Streak 4 | . 1 4 To Critical Strikes 1 | . . 1 Average Slot Usage (%) 99 | . 99 93 Engine 14 | . 14 14 Leg 22 | . 24 3 Flight 4 | . 3 18 Device 6 | . 5 14 Storage 14 | . 14 14 Processor 7 | . 8 . Energy Gun 14 | . 14 9 Energy Cannon 1 | . 1 . Ballistic Gun 2 | . 2 . Launcher 10 | . 9 17 Naked Turns . | . . . Heaviest Build 23 | 14 23 21 Greatest Support 30 | 20 20 30 Greatest Overweight (x) 5 | . 2 5 Average Overweight (x) . | . . . Largest Inventory Capacity 25 | 8 25 8 Average Capacity 7 | 7 8 8 Most Carried 9 | 4 9 8 Average Carried 7 | 2 7 8 Final Capacity 8 | 8 8 8 Final Carried 8 | 3 8 8 Class Distribution -------------------- 100% | Mutant Dominant Class ---------------- Mutant | -10/Materials Mutant | -10/Subcaves Resources | -11 -10 -10 ----------- Run | Yrd Mat Sub Matter Collected 759 | 209 476 74 Remotely . | . . . Salvage Created 720 | 27 628 65 Parts 37 | 3 34 . Haulers Intercepted 2 | . 2 . Recyclers Shooed 2 | 1 1 . Parts Field Recycled . | . . . Retrieved Matter . | . . . Parts Self-Destructed . | . . . Prevented . | . . . Kills | -11 -10 -10 ------- Run | Yrd Mat Sub Combat Hostiles Destroyed 16 | . 14 2 Guns 1 | . . 1 Cannons 1 | . 1 . AOE 14 | . 13 1 Classes Destroyed 10 | 1 8 1 Worker 2 | . 2 . Builder 1 | . 1 . Tunneler 1 | 1 . . Hauler 2 | . 2 . Recycler 3 | . 3 . Operator 1 | . 1 . Watcher 3 | . 3 . Swarmer 6 | . 6 . Grunt 8 | . 8 . Subdweller 2 | . . 2 Best Kill Streak 8 | 1 8 1 Combat Bots Only 7 | . 7 1 Max Kills in Single Turn 3 | 1 3 1 Gunslinging . | . . . Exploded 3 | . 3 1 Melee . | . . . Uniques/NPCs Destroyed . | . . . Combat | -11 -10 -10 -------- Run | Yrd Mat Sub Hostile Shots Fired 75 | . 42 33 Missed 17 | . 12 5 Damage Taken 1074 | . 456 618 Core 252 | . 49 203 Absorbed by Shields . | . . . Core Remaining (%) 100 | 100 . . Volleys Fired 67 | 5 51 11 Largest 2 | 2 2 2 Hottest 112 | 40 112 112 Shots Fired 114 | 10 85 19 Gun 69 | 10 46 13 Cannon 12 | . 12 . Launcher 33 | . 27 6 Special . | . . . Kinetic 30 | 10 20 . Thermal 51 | . 38 13 Explosive 33 | . 27 6 Electromagnetic . | . . . Robot Hit Streak 7 | 2 5 7 Robot Miss Streak 5 | 4 5 3 Penetration Max . | . . . Secondary Targets . | . . . Shots Hit Robots 44 | 4 26 14 Core Hits 45 | 2 38 5 Critical Kills . | . . . Critical Parts Destroyed . | . . . Critical Strikes 2 | . 1 1 Burn 2 | . 1 1 Melee Attacks . | . . . Impact . | . . . Slashing . | . . . Piercing . | . . . Sneak Attacks . | . . . Combat Hostiles . | . . . Follow-up Attacks . | . . . Damage Inflicted 2157 | 55 1724 378 Guns 370 | 55 186 129 Cannons 72 | . 72 . Explosions 1715 | . 1466 249 Melee . | . . . Ramming . | . . . Kinetic 140 | 55 85 . Thermal 447 | . 318 129 Explosive 1570 | . 1321 249 Electromagnetic . | . . . Impact . | . . . Slashing . | . . . Piercing . | . . . Highest Corruption 2 | . 2 2 Average Corruption 2 | . 2 2 Corruption Purged . | . . . Corruption Blocked . | . . . Effects 4 | . 1 3 Message Errors 2 | . . 2 Matter Fused 1 | . 1 . Energy Discharges 1 | . . 1 Overload Shots . | . . . Overflow Damage 100 | . 95 5 Projectiles 8 | . 8 . Explosions 92 | . 87 5 Melee . | . . . Knockbacks . | . . . Impact . | . . . Kinetic . | . . . Secondary . | . . . Self-Inflicted Damage 216 | . 170 46 Shots 6 | . 5 1 Rammed . | . . . Targets Rammed . | . . . Kicked . | . . . Crushed . | . . . Highest Temperature 315 | . 315 8 Average Temperature 65 | . 67 6 Received Heat Transfer 135 | . 96 39 Effects 1 | . 1 . Energy Bleed 1 | . 1 . Siege Activations . | . . . Robots Corrupted . | . . . Combat Hostiles . | . . . Parts Fried . | . . . Impact Corruptions . | . . . Robots Melted . | . . . Combat Hostiles . | . . . Parts Melted 3 | . . 3 Heat Transferred 988 | . 581 407 Parts Sabotaged . | . . . Parts Stolen . | . . . Parts Stripped . | . . . Power Chain Reactions . | . . . Alert | -11 -10 -10 ------- Run | Yrd Mat Sub Peak Influence 576 | 5 576 . Initial 3 | . 3 . Average 269 | 1 286 . Maximum Alert Level 2 | . 2 . Low Security (%) 32 | 100 28 . Level 1 45 | . 48 . Level 2 21 | . 22 . Level 3 . | . . . Level 4 . | . . . Level 5 . | . . . High Security . | . . . Max Security . | . . . Squads Dispatched 3 | . 3 . Investigation . | . . . Extermination . | . . . Reinforcement 3 | . 3 . Assault . | . . . Garrison . | . . . Intercept . | . . . Searches Triggered . | . . . Construction Impeded . | . . . Haulers Reinforced . | . . . Active Scanning Responses . | . . . Cargo Convoy Interrupts . | . . . Stealth | -11 -10 -10 --------- Run | Yrd Mat Sub Distress Signals 1 | . 1 . Communications Jammed . | . . . Distress Signals . | . . . Times Spotted 35 | . 22 13 Peak Tracking Total 7 | . 7 7 Tactical Retreats 1 | . . 1 Traps | -11 -10 -10 ------- Run | Yrd Mat Sub Traps Triggered 1 | . 1 . Indirectly . | . . . Trap Hack Attempts . | . . . Triggered . | . . . Disarmed . | . . . Reprogrammed . | . . . Reused . | . . . Traps Extracted . | . . . Installed . | . . . Triggered . | . . . Machines | -11 -10 -10 ---------- Run | Yrd Mat Sub Machines Disabled 12 | . 12 . Max in Single Turn 2 | . 2 . Machines Repaired . | . . . Machines Dismantled . | . . . Machines Sabotaged . | . . . Overloaded Fab Kills . | . . . Hacking | -11 -10 -10 --------- Run | Yrd Mat Sub Machines Accessed 2 | . 2 . Terminals 2 | . 2 . Fabricators . | . . . Repair Stations . | . . . Recycling Units . | . . . Scanalyzers . | . . . Garrison Access . | . . . Total Hacks 3 | . 3 . Successful 2 | . 2 . Failed 1 | . 1 . Catastrophic . | . . . Database Lockouts . | . . . Manual . | . . . Terminals 3 | . 3 . Fabricators . | . . . Repair Stations . | . . . Recycling Units . | . . . Scanalyzers . | . . . Garrison Access . | . . . Terminal Hacks 2 | . 2 . Alert Level 2 | . 2 . Fabricator Hacks . | . . . Repair Station Hacks . | . . . Recycling Unit Hacks . | . . . Scanalyzer . | . . . Garrison Access Hacks . | . . . Unauthorized Hacks . | . . . Terminals . | . . . Fabricators . | . . . Repair Stations . | . . . Recycling Units . | . . . Scanalyzers . | . . . Garrison Access . | . . . Data Cores Recovered . | . . . Used . | . . . Hacking Detections 2 | . 2 . Full Trace Events . | . . . Feedback Events . | . . . Feedback Blocked . | . . . Robot Schematics Acquired . | . . . Robots Built . | . . . Authchips . | . . . Time . | . . . Total Robot Build Rating . | . . . Part Schematics Acquired . | . . . Parts Built . | . . . Authchips . | . . . Time . | . . . Total Part Build Rating . | . . . Parts Repaired . | . . . Time . | . . . Parts Recycled . | . . . Recycled Matter . | . . . Retrieved Matter . | . . . Retrieved Components . | . . . Parts Scanalyzed . | . . . Part Schematics Acquired . | . . . Parts Damaged . | . . . Bothacking | -11 -10 -10 ------------ Run | Yrd Mat Sub Used RIF Installer . | . . . Robots Hacked . | . . . Non-combat . | . . . Combat . | . . . Robot Hacks Applied . | . . . Relay Couplers Released . | . . . Fabnet Peak Effective % . | . . . Robots Rewired . | . . . Allies Hacked . | . . . Hacks Repelled . | . . . Allies | -11 -10 -10 -------- Run | Yrd Mat Sub Total Allies . | . . . Largest Group . | . . . Highest-Rated Group . | . . . Highest-Rated Ally . | . . . Total Orders . | . . . Ally Attacks . | . . . Total Damage . | . . . Kills . | . . . Allies Corrupted . | . . . Allies Melted . | . . . Intel | -11 -10 -10 ------- Run | Yrd Mat Sub Robot Analysis Total . | . . . Derelict Logs Recovered . | . . . Drone Launches . | . . . Drone Recoveries . | . . . Exploration | -11 -10 -10 ------------- Run | Yrd Mat Sub Turns Passed 1912 | 105 1654 153 Spaces Moved 1048 | 71 882 95 Core 16 | 15 . 1 Treads . | . . . Legs 822 | 56 753 13 Wheels 7 | . 7 . Hover . | . . . Flight 203 | . 122 81 Fastest Speed 50 | 50 100 112 Average Speed 155 | 105 163 118 Slowest Speed 300 | 120 192 300 Overloaded Moves . | . . . Propulsion Burnouts . | . . . Robots Hopped . | . . . Cave-ins Triggered . | . . . Exploration Rate (%) 33 | 4 90 7 Regions Visited 2 Branch Regions 1 Pre-discovered Areas . | . . . Known Exits Taken 1 | . 1 . Unknown Exits Taken 1 | 1 . . Scrap Searched . | . . . Spaces Dug 21 | . 21 . Terrain Destroyed 222 | . 173 49 Melee . | . . . Projectile . | . . . AOE 222 | . 173 49 Terrain Rammed . | . . . Walls Destroyed . | . . . Machines Disabled . | . . . Actions | -11 -10 -10 --------- Run | Yrd Mat Sub Total 1216 | 92 1009 115 Wait 1 | . . 1 Move 1046 | 70 881 95 Hop . | . . . Pick Up 34 | 10 24 . Fast Attach 3 | . 1 2 Attach 10 | 7 3 . Detach 2 | . 2 . Swap 29 | . 25 4 Drop 24 | . 22 2 Fire 67 | 5 51 11 Melee . | . . . Ram . | . . . Kick . | . . . Crush . | . . . Escape Stasis . | . . . Rewire . | . . . Trap . | . . . Miscellaneous . | . . . Route ------- -11/Scrapyard -10/Materials (discovered 5 exits: *Mat x2 / *Min x2 / *Sub) -10/Subcaves History --------- Turn | Location | Event 6 | -11/Scrapyard | Discovered new exit (range 16) 106 | -11/Scrapyard | Entered Materials 279 | -10/Materials | Discovered new exit (range 11) 306 | -10/Materials | Discovered new exit (range 4) 308 | -10/Materials | Build established: Mutant 433 | -10/Materials | Destroyed 7 combat bots 529 | -10/Materials | Discovered new exit (range 16) 583 | -10/Materials | Identified exit to Materials 799 | -10/Materials | Identified exit to Mines 844 | -10/Materials | Identified exit to Subcaves 986 | -10/Materials | Discovered exit to Mines (range 10) 1316 | -10/Materials | Discovered exit to Materials (range 12) 1760 | -10/Materials | Entered Subcaves 1827 | -10/Subcaves | Ambushed by swarm of Subdwellers 1884 | -10/Subcaves | Core integrity fell below 50% 1888 | -10/Subcaves | Lost 4 allies 1909 | -10/Subcaves | Core integrity fell below 20% 1913 | -10/Subcaves | Destroyed by DX-UVQ(R) with Subdweller Laser Last Messages --------------- Sub. Monowheel melted. Scrap Shield melted. Sub. Optics melted. UN-DCX(R) destroyed. Subatomizers dissect the Sub. Optics. Dropped VTOL Module. Acquired Carbon-fiber Leg. Critical hit (Destroy). Carbon-fiber Leg destroyed. Destroyed Carbon-fiber Leg. System corrupted: Energy discharge (-41). [Achievement: Remodeling] The unstable cave ceiling collapses. G3-AU9(R) destroyed. Beam Rifle destroyed. The unstable cave ceiling collapses. DX-UVQ(R): "MADSUB!" OP-ET5(R) affixes Scrap Shield Fragment to Scrap Shield. ECM Suite destroyed. Map ----- +----------------------------------------------------+ | ???????????????????##????????????????????? | | ????????????????### #????#####???????????? | | ???????????????## ##### #???????????? | | ??????????????## ### ????????? | | ??????????????# ????????? | | ??????????????# ???????????? | | ??????????????# ! # # #???????????? | | ??????????????## ## " ????????????? | | ???????????????## ## "" ?????????????? | | ????????????????## ## ""#??????????????? | | ????????????????# ## ""#??????????????? | | ????????????????# ### ""##?##??????????? | | ???????????????## """## ##?????????? | | ???????????????# " #?????????? | | ???????????????# #?????????? | | ???????????????# #?????????? | | ???????????????# ##### ##?????????? | | ???????????????# #???# ##??????????? | | ???????????????# ##???#####???????????? | | ???????????????# ###????????????????????? | | ???????????????# ##??????????????????????? | | ???????????????#R###?????????????????????? | | ???????????????# ##?????????????? #???? | | ???????????????# #?????? ? ???? | | ??????????????## # ????? #??? | | ??????????????# @ #??????????? #??? | | ??????????????# ##?????????? ????? | | ?????????????# #????????? ?????? | | ?????????????# #??????? #??????? | | ?????????????# "#??????" #???????? | | ?????????????# ! #?????"" ##??????? | | ????????????? #????#"" ## | | ????????????# #####&=* | | ????????????## R ##[*!%! [= | | ?????????????## % !%=&[=]%"= #?? | | ??????????????# # R!!##%%" #?? | | ??????????????####?##"&&## " #? | | ????????????????????#"*=###"" ??? | | ??????????????????#"""! "#?#" ???? | | ??????????????????#""" #??## #??????? | | ??????????????????## " #??? ##??????? | | ???????????????????##" #??? #???????? | | ????????????????????## #??? ???????? | | ?????????????????????# #???? ???????? | | ????????????????????? ## #????????????? | | ????????????????????? #?####????????????? | | ????????????????????? ??????????????????? | | ????????????????????? ??????????????????? | | ????????????????????# ??????????????????? | | ????????????????????# ??????????????????? | +----------------------------------------------------+ Best States ------------- Heat Dissipation 25 Energy Generation 12 Energy Capacity 265 Matter Stores 229 Matter Capacity 400 Sight Range 16 Robot Scan Range 14 Terrain Scan Range 16 Terrain Scan Density 10 ECM Strength 1 Evasion (%) 55 Item Schematics ----------------- None Robot Schematics ------------------ None Fabricated ------------ Nothing Alien Tech Used ----------------- None Achievements -------------- Oops Remodeling Challenges ------------ None Game ------ Seed AntimatterOpticalProtomatter Manual? 0 Play Time 00:24:53 Cumulative 3.7 hours Start 2024.04.06 @ 15:35:12 End 2024.04.06 @ 15:59:42 Sessions 1 Manual Loads 0 Difficulty Rogue Special Mode None Game No. 7 Rogue 7 Adventurer 0 Explorer 0 Win Type - Total 0 Types 0/0/0/0/0/0/0/0/0 Lore% 11 Gallery% 10 Achievement% 9 Wizard Run 0 Options --------- Layout 1 ASCII 0 Keyboard 0 Movement Numpad Keybinds 0 Fullscreen 1 Font 24/Smallcaps Map View 50x40 Zoom Use 0% Tactical HUD 0 Map Filters NONE Filters NONE Steam 1 RUN: 04001601-3b17-4233-9459-2cf7beb2eb0b